 Dungeon Crawl Stone Soup version 0.21.1-1-g345015f (webtiles) character file.

161 letownia2 the Ruffian (level 5, 48/48 HPs)
             Began as a Troll Hunter on Feb 25, 2018.
             Quit the game in the Ecumenical Temple.
             The game lasted 00:03:41 (547 turns).

letownia2 the Ruffian (Troll Hunter)                 Turns: 547, Time: 00:03:41

Health: 48/48      AC:  5    Str: 20    XL:     5   Next: 19%
Magic:  4/4        EV: 10    Int:  8    God:
Gold:   68         SH:  0    Dex: 10    Spells: 4/4 levels left

rFire    . . .     SeeInvis .     - Unarmed
rCold    . . .     Gourm    +   (no shield)
rNeg     . . .     Faith    .   b - +0 robe
rPois    .         Spirit   .   (helmet restricted)
rElec    .         Reflect  .   (no cloak)
rCorr    .         Harm     .   (gloves unavailable)
MR       .....                  (boots unavailable)
Stlth    +.........             (no amulet)
HPRegen  0.56/turn              (no ring)
MPRegen  0.09/turn              (no ring)

@: no status effects
A: large, unfitting armour, claws 3, fast metabolism 3, gourmand, regeneration
1, shaggy fur 1, tough skin 2
a: no special abilities


You were in the Ecumenical Temple.
You were very full.

You visited 2 branches of the dungeon, and saw 6 of its levels.
You also visited: Sewer.

You collected 68 gold pieces.

Inventory:

Hand Weapons
 a - the +7 hunting sling "Rummage" {flame, rC++, unknown}
   (You found it on level 4 of the Dungeon)

   It causes projectiles fired from it to burn those they strike, causing extra
   injury to most foes and up to half again as much damage against particularly
   susceptible opponents.
   It greatly protects you from cold.
Missiles
 c - 5 large rocks (quivered)
 d - 2 throwing nets
Armour
 b - a +0 robe (worn)
Wands
 l - a wand of paralysis (9)
Scrolls
 g - a scroll of enchant armour {unknown}
 i - a scroll of teleportation {unknown}
 k - a scroll of noise {unknown}
Potions
 e - a potion of flight {unknown}
 h - a potion of brilliance {unknown}
Comestibles
 f - 3 rations


   Skills:
 - Level 1.5 Fighting
 - Level 3.6 Throwing
 - Level 1.5 Dodging
 - Level 0.3 Stealth
 + Level 4.9 Unarmed Combat


You had 4 spell levels left.
You didn't know any spells.

Dungeon Overview and Level Annotations

Branches:
Dungeon (5/15)             Temple (1/1) D:5

Altars:
Ashenzari
Cheibriados
Elyvilon
Gozag
Hepliaklqana
Kikubaaqudgha
Makhleb
Nemelex Xobeh
Okawaru
Ru
Trog
Uskayaw
Vehumet
Xom
Yredelemnul
Zin
The Shining One


Innate Abilities, Weirdness & Mutations

You are too large for most types of armour.
You have claws for hands.
Your metabolism is lightning-fast.
You like to eat raw meat.
Your natural rate of healing is unusually fast.
You are covered in fur. (AC +1)
You have very tough skin. (AC +2)


Message History

Found a white marble altar of Elyvilon.
Found a radiant altar of Vehumet and a bloodstained altar of Trog.
Found three altars.
Found three altars.
Found two altars.
Found a hazy altar of Hepliaklqana and a shattered altar of Ashenzari.
Found a hide-covered altar of Uskayaw.
Found a basalt altar of Yredelemnul.
Found an opulent altar of Gozag.
Found an iron altar of Okawaru.
Why would you want to do that?
Are you sure you want to abandon this character and quit the game? (Confirm with "yes".)
Okay, then.
Unknown command.
There is a bloodstained altar of Trog here.
There is a sacrificial altar of Ru here.
You kneel at the altar of Ru.
Unknown command.
Press < or > to pray at altars.
Are you sure you want to abandon this character and quit the game? (Confirm with "yes".)

≈≈≈≈≈≈≈≈≈≈≈≈≈≈≈≈≈≈≈≈≈
≈≈≈≈≈≈≈≈≈≈≈≈≈≈≈≈≈≈≈≈≈≈≈≈
≈≈≈≈≈≈≈≈≈≈≈≈≈≈≈≈≈≈≈≈≈≈≈≈
≈≈≈≈≈...≈≈≈≈≈≈≈≈≈≈...≈≈≈
≈≈≈≈.._..≈≈≈≈≈≈≈≈.≈≈≈.≈.
≈≈≈≈.....≈≈..≈≈≈≈.≈#≈.≈.
≈≈≈≈._._.≈.≈≈.≈≈≈.≈≈≈.≈.
≈≈≈≈.....≈.≈≈≈.≈≈≈.≈.≈≈.
≈≈≈≈._.@.≈≈..≈≈.≈≈.≈.≈≈.
≈≈≈.......≈≈≈.≈.≈≈.≈.≈..
≈≈≈._._._...≈.≈≈.≈.≈....
≈≈≈......._.≈.≈..≈.≈..⌠.
≈≈≈._._._...≈.≈.≈≈.≈....
≈≈≈.......≈.≈.≈≈.≈.≈≈≈..
≈≈≈≈._._.≈≈.≈.≈≈.≈≈..≈≈.
≈≈≈≈.....≈≈.≈.≈≈≈.≈≈≈.≈.
≈≈≈≈._._.≈.≈≈≈.≈≈≈.≈≈.≈.


There were no monsters in sight!

Vanquished Creatures
  A jelly (D:5)
  A centaur zombie (D:5)
  A bullfrog skeleton (D:4)
  Ijyb (D:4)
  2 adders
  2 worms
  A dart slug (D:2)
  2 leopard geckos (D:4)
  A ball python (D:4)
  4 giant cockroaches
  2 goblins
  A hobgoblin (D:2)
  A bat (D:2)
  A rat (D:1)
21 creatures vanquished.

Notes
Turn   | Place    | Note
-------+----------+-------------------------------------------
     0 | D:1      | letownia2 the Troll Hunter began the quest for the Orb.
     0 | D:1      | Reached XP level 1. HP: 19/19 MP: 0/0
    32 | D:1      | Reached skill level 1 in Unarmed Combat
    68 | D:2      | Reached XP level 2. HP: 27/27 MP: 1/1
    89 | D:2      | Reached skill level 2 in Unarmed Combat
   119 | D:4      | Got a translucent hunting sling
   134 | D:4      | Reached skill level 3 in Unarmed Combat
   134 | D:4      | Reached XP level 3. HP: 30/33 MP: 2/2
   269 | D:4      | Noticed Ijyb
   269 | D:4      | Paralysed by Ijyb for 3 turns
   276 | D:4      | Killed Ijyb
   276 | D:4      | Reached XP level 4. HP: 41/41 MP: 3/3
   305 | D:4      | Reached skill level 4 in Unarmed Combat
   318 | D:4      | Found a glowing drain.
   322 | Sewer    | Entered a sewer
   404 | D:5      | Entered Level 5 of the Dungeon
   452 | D:5      | Found a staircase to the Ecumenical Temple.
   457 | D:5      | Reached XP level 5. HP: 30/48 MP: 4/4
   472 | Temple   | Entered the Ecumenical Temple
   547 | Temple   | Quit the game

Skill      XL: |  1  2  3  4 |
---------------+-------------+-----
Unarmed Combat | 1 3 4 |  4.9
Fighting       | |  1.5
Throwing       | |  3.6
Dodging        | |  1.5
Stealth        | |  0.3

Action                   |  1- 3 |  4- 6 || total
-------------------------+-------+-------++-------
Melee: Unarmed           |    42 |    21 ||    63
       Punch             |       |     1 ||     1
Throw: Large rock        |     3 |       ||     3
  Eat: Chunk             |     4 |     6 ||    10
Armor: Robe              |    16 |     7 ||    23
Dodge: Dodged            |    28 |     5 ||    33
